 Dungeon Crawl Stone Soup version 0.21-a0-122-g43b3ea6 (webtiles) character file.

56 grindst0ne the Sneak (level 3, -3/24 HPs)
             Began as a Vampire Enchanter on July 13, 2017.
             Slain by Sigmund
             ... wielding a +0 scythe
              (8 damage)
             ... on level 2 of the Dungeon.
             The game lasted 00:06:20 (2884 turns).

grindst0ne the Sneak (Vampire Enchanter)            Turns: 2884, Time: 00:06:21

Health: -3/24      AC:  3    Str:  7    XL:     3   Next: 69%
Magic:  2/6        EV: 10    Int: 17    God:
Gold:   148        SH:  0    Dex: 15    Spells: 1/6 levels left

rFire    . . .     SeeInvis +   a - +1 dagger
rCold    + + .     Gourm    .   (no shield)
rNeg     + + +     Faith    .   b - +0 robe
rPois    ∞         Spirit   .   (no helmet)
rElec    .         Reflect  .   (no cloak)
rCorr    .         Harm     .   e - +0 pair of gloves
MR       .....                  (no boots)
Stlth    +++++.....             (no amulet)
HPRegen  0.00/turn              d - -3 ring of evasion (curse)
MPRegen  0.10/turn              j - ring of flight

@: bloodless, non-regenerating
A: fangs 3, see invisible, unbreathing
a: Bat Form, Evoke Flight


You were on level 2 of the Dungeon.
You were bloodless.

You visited 1 branch of the dungeon, and saw 2 of its levels.

You collected 148 gold pieces.

Inventory:

Hand Weapons
 a - a +1 dagger (weapon)
Armour
 b - a +0 robe (worn)
 e - a +0 pair of gloves (worn)
 h - a +0 shield
Jewellery
 d - a cursed -3 ring of evasion (left hand)
 j - a ring of flight (right hand)
Scrolls
 f - a scroll of enchant armour {unknown}
 g - a scroll of remove curse {unknown}
Potions
 q - 9 potions of blood
Books
 c - a book of Maledictions

   Spells                             Type                      Level
   a - Corona                         Hexes                        1
   b - Ensorcelled Hibernation        Hexes/Ice                    2
   c - Confuse                        Hexes                        3
   d - Tukima's Dance                 Hexes                        3
   e - Dazzling Spray                 Conjuration/Hexes            3


   Skills:
 - Level 1.1 Short Blades
 - Level 2.1 Dodging
 * Level 6.2 Stealth
 - Level 2.0 Spellcasting
 + Level 5.5 Hexes


You had one spell level left.
You knew the following spells:

 Your Spells              Type           Power        Failure   Level  Hunger
b - Confuse               Hex            ###.....     6%          3    ###....
z - Ensorcelled Hibernat  Hex/Ice        ##....       10%         2    ###....


Dungeon Overview and Level Annotations

Branches:
Dungeon (2/15)

Altars:
Ru
Xom

Annotations:
D:2 Robin, Sigmund


Innate Abilities, Weirdness & Mutations

You do not heal naturally.
You are immune to poison.
You have razor-sharp teeth.
You have supernaturally acute eyesight. (SInv)
You can survive without breathing.


Message History

Confirm with . or Enter, or press ? or * to list all spells.
Aiming: Confuse
Press: ? - help, Shift-Dir - straight line, f/p - Sigmund
Aim: Sigmund, wielding a scythe and wearing a robe (severely wounded, chance to defeat MR: 59%) Sigmund resists with significant effort.
You feel devoid of blood!
Sigmund points at you and mumbles some strange words.
You are confused.
You're too confused!
Unknown command.
Okay, then.
You're too confused!
Sigmund points at you and mumbles some strange words.
The puff of flame hits you!
* * * LOW HITPOINT WARNING * * *
You bump into the rock wall.
You bump into the rock wall.
You feel less confused.
Sigmund hits you from afar with a scythe!
You die...

.#........(....##.##
#..##.#..#.#.......
#........#.......#.
#.##.............#.
#.......##...##....
#..#..........##.#.
#.............##.#.
##.###..###........
#@###..# #%.....##
##..@...# #.....##
#.>.....# #.....#
#.####..# #.....# #.
...# #.....# #.
.##.# ####### #. #.
#.# #. . .# #.## ##


You could see Sigmund.

Vanquished Creatures
  3 adders (D:2)
  A dart slug (D:1)
  A bat (D:1)
  A giant cockroach (D:2)
  3 goblins (D:1)
  5 hobgoblins
  A kobold (D:1)
  A quokka (D:1)
  A ball python (D:2)
  3 frilled lizards (D:1)
  8 rats
28 creatures vanquished.

Notes
Turn   | Place    | Note
-------+----------+-------------------------------------------
     0 | D:1      | grindst0ne the Vampire Enchanter began the quest for the Orb.
     0 | D:1      | Reached XP level 1. HP: 13/13 MP: 3/3
   477 | D:1      | Reached skill level 5 in Stealth
   480 | D:1      | Reached XP level 2. HP: 10/19 MP: 3/5
   499 | D:1      | Learned a level 2 spell: Ensorcelled Hibernation
   711 | D:1      | Found a basalt altar of Yredelemnul.
   713 | D:1      | Found a sacrificial altar of Ru.
   713 | D:1      | Found a shimmering altar of Xom.
   715 | D:1      | Found a burning altar of Makhleb.
   715 | D:1      | Found a sacrificial altar of Ru.
   715 | D:1      | Found a glowing golden altar of the Shining One.
   772 | D:1      | Reached skill level 5 in Hexes
  1105 | D:2      | Reached XP level 3. HP: 21/24 MP: 2/6
  1529 | D:2      | Noticed Sigmund
  1669 | D:2      | Noticed Robin
  1848 | D:2      | Reached skill level 6 in Stealth
  2486 | D:1      | Learned a level 3 spell: Confuse
  2884 | D:2      | Slain by Sigmund

Vault maps used:
D:1:      lightli_arrival_windingriver, serial_curves, eino_curves_02,
          eino_curves_04, eino_curves_03, doesnt_xom_only_xom
D:2:      okawaru_ov_weapons_minmay, tgw_fedhas, uniq_robin, uniq_sigmund

Skill      XL: |  1  2  3 |
---------------+----------+-----
Stealth        | 5 6 |  6.2
Hexes          | 5 |  5.5
Short Blades   | |  1.1
Dodging        | |  2.1
Spellcasting   | |  2.0

Action                   || total
-------------------------++-------
Melee: Dagger            ||    77
       Bite              ||     3
 Cast: Corona            ||     5
       Ensorcelled Hiber ||    21
       Confuse           ||     4
 Abil: End Transformatio ||     3
       Bat Form          ||     3
  Use: Scroll            ||     3
       Potion            ||     2
 Stab: Sleeping          ||    17
       Confused          ||     1
Armor: Robe              ||     8
Dodge: Dodged            ||    61
